 Dungeon Crawl Stone Soup version 0.23-a0-701-gd76f34b (webtiles) character file.

43 Lanoc the Skirmisher (level 3, -1/29 HPs)
             Began as a Demonspawn Berserker on Jan 12, 2019.
             Was a Believer of Trog.
             Slain by a goblin
             ... wielding a +0 dagger
             ... led by Robin
              (2 damage)
             ... on level 2 of the Dungeon.
             The game lasted 00:01:54 (420 turns).

Lanoc the Skirmisher (Demonspawn Berserker)          Turns: 420, Time: 00:01:55

Health: -1/29      AC:  2    Str: 18    XL:     3   Next: 37%
Magic:  3/3        EV: 14    Int:  8    God:    Trog [**....]
Gold:   69         SH:  0    Dex: 12    Spells: 2/2 levels left

rFire    . . .     SeeInvis .   a - +0 falchion
rCold    . . .     Gourm    .   (no shield)
rNeg     . . .     Faith    .   b - +0 animal skin
rPois    .         Spirit   .   (no helmet)
rElec    .         Reflect  .   (no cloak)
rCorr    .         Harm     .   (no gloves)
MR       .....                  (no boots)
Stlth    +.........             (no amulet)
HPRegen  0.09/turn              (no ring)
MPRegen  0.08/turn              (no ring)

@: lethally poisoned (-1 -> -4), berserk cooldown, flying, slowed, very slow
A: repulsion field 1
a: Berserk, Trog's Hand, Renounce Religion


You were on level 2 of the Dungeon.
You worshipped Trog.
Trog was pleased with you.
You were not hungry.

You visited 1 branch of the dungeon, and saw 2 of its levels.

You collected 69 gold pieces.

Inventory:

Hand Weapons
 a - a +0 falchion (weapon)
Armour
 b - a +0 animal skin (worn)
Scrolls
 d - a scroll of blinking {unknown}
 e - a scroll of noise {unknown}
 g - 2 scrolls of identify {unknown}
 h - a scroll of teleportation {unknown}
 i - 2 scrolls of remove curse {unknown}
Comestibles
 c - 2 rations


   Skills:
 + Level 3.3 Fighting
 * Level 3.3 Long Blades
 + Level 2.2 Armour
 + Level 2.2 Dodging


You had 2 spell levels left.
You didn't know any spells.
Your spell library was empty.

Dungeon Overview and Level Annotations

Branches:
Dungeon (2/15)

Altars:

Annotations:
D:2 Robin


Innate Abilities, Weirdness & Mutations

You are surrounded by a mild repulsion field. (EV +2)


Message History

Trog accepts your kill.
* * * LOW HITPOINT WARNING * * *
You feel sick.
A goblin opens the door.
You barely miss the goblin.
The goblin no longer looks unusually strong. x2
The goblin hits you with a +0 dagger.
* * * LOW HITPOINT WARNING * * *
The goblin completely misses you.
You riposte.
You slash the goblin!
You kill the goblin!
Trog accepts your kill. The goblin misses you.
You riposte.
You hit the goblin but do no damage.
Level annotation: Robin Welcome back, Lanoc the Demonspawn Berserker.
Trog says: Kill them all!
Press ? for a list of commands and other information.
You hit the goblin.
The goblin is severely wounded.
* * * LOW HITPOINT WARNING * * *
You feel sick. The goblin hits you with a +0 dagger.
You die... # ##g#### #.gggg#

#...#@#
#ggg#.#
#.gg#.# #
#...#.##.#
#...#..#.# #
#...##.#.#.###
#...##........
#...##........
#...##<.......


You could see a hobgoblin and 4 goblins.

Vanquished Creatures
  An adder (D:2)
  A dart slug (D:1)
  2 ball pythons (D:1)
  A giant cockroach (D:1)
  7 goblins
  5 hobgoblins
  4 kobolds (D:1)
  4 bats (D:1)
  A frilled lizard (D:1)
  2 rats (D:1)
28 creatures vanquished.

Notes
Turn   | Place    | Note
-------+----------+-------------------------------------------
     0 | D:1      | Lanoc the Demonspawn Berserker began the quest for the Orb.
     0 | D:1      | Reached XP level 1. HP: 18/18 MP: 1/1
    74 | D:1      | Gained mutation: You are surrounded by a mild repulsion
                  | field. (EV +2) [demonic ancestry]
    74 | D:1      | Reached XP level 2. HP: 19/24 MP: 2/2
   404 | D:2      | Noticed Robin
   406 | D:2      | Reached XP level 3. HP: 24/29 MP: 3/3
   414 | D:2      | Reached ** piety under Trog
   419 | D:2      | HP: 1/29 [goblin/+0 dagger[Robin] (2)]
   420 | D:2      | Slain by a goblin

Vault maps used:
D:1:      psy_arrival_conway
D:2:      cheibriados_altar_1, lemuel_crystal_altar,
          gammafunk_temple_overflow_statue, minmay_tetromino_s2, uniq_robin,
          uniq_crazy_yiuf_cottage, uniq_sigmund

Skill      XL: |  1  2 |
---------------+-------+-----
Long Blades    | 3 |  3.3
Armour         | 2 |  2.2
Dodging        | 2 |  2.2
Fighting       | |  3.3

Action                   || total
-------------------------++-------
Melee: Falchion          ||    52
Invok: Berserk           ||     2
  Use: Potion            ||     1
Armor: Animal skin       ||     6
Dodge: Dodged            ||    43
       Rpst.: Falchion   ||    18

Table legend:
 A = Non-vault XP
 B = Vault XP
 C = Vault XP percentage of total XP
 D = Non-vault monster count
 E = Vault monster count
 F = Vault count percentage of total count
                 A         B        C        D         E       F
            +---------+---------+-------+---------+---------+-------
      Total |      51 |      11 |  17.7 |      22 |       6 |  21.4
            +---------+---------+-------+---------+---------+-------
        D:1 |      38 |       0 |   0.0 |      21 |       0 |   0.0
        D:2 |      13 |      11 |  45.8 |       1 |       6 |  85.7
            +---------+---------+-------+---------+---------+-------
